 Dungeon Crawl Stone Soup version 0.31.0-11-ge490571c62 (webtiles) character file.

Game seed: 7477513227170284832

304 firemarshallily the Trooper (level 6, -7/49 HPs)
             Began as a Demonspawn Fighter on Feb 7, 2024.
             Killed from afar by an orc wizard (10 damage)
             ... with a magic dart
             ... on level 4 of the Dungeon.
             The game lasted 00:06:03 (2711 turns).

firemarshallily the Trooper (Demonspawn Fighter)    Turns: 2711, Time: 00:06:04

Health: -7/49      AC: 11    Str: 14 (17) XL:     6   Next: 15%
Magic:  6/6        EV:  9    Int: 11 (12) God:
Gold:   175        SH:  5    Dex: 15 (16) Spells: 5/5 levels left

rFire   + . .        a - +0 war axe
rCold   + . .        c - +0 buckler
rNeg    . . .        s - +0 swamp dragon scales
rPois   +            n - +0 helmet
rElec   .            u - +0 cloak
rCorr   .            r - +0 pair of gloves
SInv    .            (no boots)
Will    +....        (no amulet)
Stlth   +            e - ring of protection from cold
HPRegen 0.28/turn    (no ring)
MPRegen 0.10/turn

%: no passive effects
@: on fire, hasted, glowing, very quick
A: thin skeletal structure 2, powered by death 1, demonic touch 1, clever 1,
fire resistance 1, strong-willed 1, inability to read after injury 1
a: no special abilities


You were on level 4 of the Dungeon.
You visited 1 branch of the dungeon, and saw 4 of its levels.

You collected 175 gold pieces.

Inventory:

Hand Weapons
 a - a +0 war axe (weapon)
Armour
 c - a +0 buckler (worn)
 n - a +0 helmet (worn)
 r - a +0 pair of gloves (worn)
 s - +0 swamp dragon scales (worn)
 u - a +0 cloak (worn)
Jewellery
 e - a ring of protection from cold (left hand)
Wands
 i - a wand of iceblast (7)
Scrolls
 f - 3 scrolls of identify {unknown}
 g - a scroll of butterflies {unknown}
 h - a scroll of enchant armour {unknown}
 j - a scroll of amnesia {unknown}
 k - 2 scrolls of blinking {unknown}
 m - 2 scrolls of teleportation {unknown}
 p - a scroll of torment {unknown}
Potions
 d - a potion of might
 q - a potion of degeneration
 t - a potion of attraction {unknown}


   Skills:
 * Level 4.7 Fighting
 * Level 3.7 Axes
 + Level 3.4 Armour
 + Level 3.5 Shields


You had 5 spell levels left.
You didn't know any spells.
Your spell library contained the following spells:

 Spells                   Type           Power      Damage    Failure   Level
 Lesser Beckoning         Tloc           0%         N/A       80%         2
 Scorch                   Fire           0%         2d5       80%         2
 Gell's Gravitas          Tloc           0%         N/A       95%         3
 Teleport Other           Tloc           0%         N/A       95%         3
 Flame Wave               Conj/Fire      0%         2d4       100%        4
 Summon Cactus Giant      Summ           0%         N/A       100%        6


Dungeon Overview and Level Annotations

Branches:
Dungeon (4/15)
 Temple: D:4-7

Altars:
Yredelemnul

Annotations:
D:3 3 runed translucent doors, MuppetCentipede's ghost, amateur MiMo


Innate Abilities, Weirdness & Mutations

You have a moderately thin skeletal structure. (Dex +4, Stealth++)
You regenerate a little health from kills.
Your touch may inflict minor irresistible damage on your foes.
Your mind is acute. (Int +4, Str/Dex -1)
Your flesh is heat resistant. (rF+)
You are strong-willed. (Will+)
You occasionally lose the ability to read scrolls when taking damage.


Message History

You miss something. The liquid fire burns you!
* * * LOW HITPOINT WARNING * * *
Something hits you.
* * * LOW HITPOINT WARNING * * *
The bombardier beetle barely misses you.
Something hits you but does no damage.
You closely miss the bombardier beetle.
The bombardier beetle is heavily wounded.
You barely miss something. The liquid fire burns you!
* * * LOW HITPOINT WARNING * * *
Something hits you.
* * * LOW HITPOINT WARNING * * *
The bombardier beetle barely misses you.
You hit the bombardier beetle.
The bombardier beetle is severely wounded.
You miss something. The liquid fire burns you!
* * * LOW HITPOINT WARNING * * *
An orc wizard appears from thin air!
Reactivating autopickup.
The orc wizard hits you but does no damage.
The bombardier beetle barely misses you.
It was a potion of haste.
You feel yourself speed up. The liquid fire burns you!
* * * LOW HITPOINT WARNING * * *
The orc wizard hits you but does no damage.
It was a potion of degeneration.
There was something very wrong with that liquid.
You feel weakened.
You feel dopey.
You feel clumsy. The liquid fire burns you!
* * * LOW HITPOINT WARNING * * *
The orc wizard hits you but does no damage.
You block the bombardier beetle's attack.
It was a potion of magic.
Magic courses through your body. The liquid fire burns you!
* * * LOW HITPOINT WARNING * * *
The orc wizard casts a spell at you. The magic dart hits you!
You die...

.... .. .. ...##.##
.... .. ..##..##....
... #.##........ #....#
##..........
.......##..........#
.......#....)...#
#...........oB.##...
#....##.....@....... ..
#....##..$.$).....#. ..
##...#.#.#(........#
..##....#............##
... #..............##
...###.......#.......#
....##.......##.....#.
.....#..##..$##.....##.
.##....#####.# #....


You could see a bombardier beetle and an orc wizard.

Vanquished Creatures
  A kobold brigand (D:4)
  A scorpion (D:3)
  A bombardier beetle (D:3)
  A hound (D:3)
  Ijyb (D:2)
  2 adders
  2 dart slugs
  4 orcs
  3 ball pythons
  4 bats
  3 endoplasms
  2 giant cockroaches (D:2)
  11 goblins
  6 hobgoblins
  6 jackals
  2 quokkas
  A frilled lizard (D:2)
  6 kobolds
  10 rats
67 creatures vanquished.

Notes
Turn   | Place    | Note
-------+----------+-------------------------------------------
     0 | D:1      | firemarshallily the Demonspawn Fighter began the quest for
                  | the Orb.
     0 | D:1      | Reached XP level 1. HP: 18/18 MP: 1/1
   122 | D:1      | Gained mutation: You have a somewhat thin skeletal
                  | structure. (Dex +2, Stealth+) [demonic ancestry]
   122 | D:1      | Reached XP level 2. HP: 21/24 MP: 2/2
   960 | D:2      | Found a basalt altar of Yredelemnul.
  1059 | D:2      | Gained mutation: Your touch may inflict minor irresistible
                  | damage on your foes. [demonic ancestry]
  1059 | D:2      | Reached XP level 3. HP: 26/29 MP: 3/3
  1456 | D:2      | Noticed Ijyb
  1465 | D:2      | Gained mutation: Your flesh is heat resistant. (rF+)
                  | [potion of mutation]
  1465 | D:2      | Gained mutation: You occasionally lose the ability to read
                  | scrolls when taking damage. [potion of mutation]
  1465 | D:2      | Gained mutation: Your mind is acute. (Int +4, Str/Dex -1)
                  | [potion of mutation]
  1465 | D:2      | Gained mutation: You are strong-willed. (Will+) [potion of
                  | mutation]
  1475 | D:2      | Killed Ijyb
  1476 | D:2      | Reached XP level 4. HP: 18/37 MP: 4/4
  1920 | D:3      | Noticed MuppetCentipede's ghost (amateur MiMo)
  2006 | D:3      | Noticed a scorpion
  2016 | D:3      | Killed a scorpion
  2017 | D:3      | Reached skill level 4 in Fighting
  2017 | D:3      | Gained mutation: You regenerate a little health from kills.
                  | [demonic ancestry]
  2017 | D:3      | Reached XP level 5. HP: 38/42 MP: 5/5
  2117 | D:3      | Found a runed translucent gate.
  2119 | D:3      | Found a runed translucent gate.
  2120 | D:3      | Found a runed translucent gate.
  2585 | D:4      | Gained mutation: You have a moderately thin skeletal
                  | structure. (Dex +4, Stealth++) [demonic ancestry]
  2585 | D:4      | Reached XP level 6. HP: 31/49 MP: 6/6
  2711 | D:4      | Killed from afar by an orc wizard

Illustrated notes

Levels and vault maps discovered:
D:1:      wheals_arrival_linesprint, layout_basic,
          corexii_item_surrounded_by_moat, grunt_decor_cap,
          nicolae_figureground_sparkle
D:2:      kennysheep_the_goblin_king, layout_basic, basic_altar,
          kennysheep_pointless_box, minmay_box_of_dots
D:3:      layout_loops_cross, gammafunk_ghost_icy
D:4:      layout_cave_pools, gammafunk_ghost_split, chequers_jeans

Skill      XL: |  1  2  3  4 |
---------------+-------------+-----
Axes           | 2 3 |  3.7
Armour         | 3 |  3.4
Shields        | 3 |  3.5
Fighting       | 4 |  4.7

Action                     |  1- 3 |  4- 6 || total
---------------------------+-------+-------++-------
  Melee: War axe           |   121 |    61 ||   182
    Use: Potion            |     2 |     5 ||     7
   Stab: Sleeping          |       |     1 ||     1
 Armour: Scale mail        |   119 |     1 ||   120
         Swamp dragon scal |       |    80 ||    80
  Dodge: Dodged            |    47 |    31 ||    78
  Block: Buckler           |    44 |    14 ||    58
